Panthers vs Sabres (R1)

Created - January 25, 2018 at 19:01

Goals
1 2 3 T
Panthers 0 0 1 1
Sabres 0 1 2 3
Shots
1 2 3 T
Panthers 11 4 10 25
Sabres 4 18 14 36

1st period

No Goal

Penalties :
Ilya Kovalchuk (Buf) for Holding (Minor) at 3:15, Matt Martin (Buf) for Hooking (Minor) at 8:22, Ilya Kovalchuk (Buf) for Tripping (Minor) at 11:16, Jonathan Matsumoto (Flo) for Boarding (Minor) at 15:41, Ryan O'Reilly (Buf) for Hooking (Minor) at 18:19

2nd period

1. Sabres , Evander Kane 21 (Rob Scuderi 16) at 0:52

Penalties :
Daniel Sedin (Flo) for Interference (Minor) at 8:49, Scottie Upshall (Buf) for Hooking (Minor) at 13:21, George Parros (Flo) for Interference (Minor) at 15:41

3rd period

2. Panthers , Drew Stafford 7 (Guillaume Latendresse 29, Brayden Schenn 9) at 0:10
3. Sabres , Andrei Loktionov 16 (Rob Scuderi 17, Evander Kane 24) at 1:23 (PP)
4. Sabres , Zack Kassian 15 (Vincent Lecavalier 19, Matt Martin 7) at 11:49

Penalties :
Jonathan Matsumoto (Flo) for Holding (Minor) at 1:15, Daniel Sedin (Flo) for Tripping (Minor) at 2:55, Andrei Loktionov (Buf) for Unsportsmanlike conduct (Minor) at 5:56, Sergei Samsonov (Flo) for Goalie Interference (Minor) at 17:34, Brayden Schenn (Flo) for Interference (Minor) at 17:51

Goalie Stats

Antti Niemi (Flo), 33 saves from 36 shots - (0.917), L, 10-15-3, 60:00 minutes
Jonas Hiller (Buf), 24 saves from 25 shots - (0.960), W, 6-1-1, 60:00 minutes

Players Stats for Panthers

Player Name              G  A  P  +/- PIM S  H  SB GA TA FO     MP     PP MP  PK MP  
------------------------------------------------------------------------------------
Alexander Perezhogin     0  0  0   0  0   3  0  0  1  0  0/0     4:41   0:00   0:00 
Brayden Schenn           0  1  1   0  2   2  2  0  1  0  12/38  23:19   7:17   4:40 
Brendan Smith            0  0  0   0  0   1  1  2  2  0  0/0    28:43   5:49   6:22 
Daniel Sedin             0  0  0   0  4   3  3  1  0  0  0/0    19:37   4:25   0:30 
Drew Stafford            1  0  1   0  0   2  2  1  0  1  1/1    20:05   7:17   1:52 
Erik Gudbranson          0  0  0   0  0   1  1  2  0  0  0/0    22:43   7:21   0:01 
George Parros            0  0  0  -1  2   3  0  1  0  0  0/0    10:43   0:00   0:00 
Guillaume Latendresse    0  1  1   0  0   3  1  1  0  2  0/2    25:38   7:17   5:48 
Ian White                0  0  0  -1  0   1  0  0  2  1  0/0    17:12   4:33   0:00 
Jeff Tambellini          0  0  0   0  0   0  0  0  0  0  0/0     1:55   0:12   1:04 
Jonathan Matsumoto       0  0  0  -1  4   0  0  1  0  0  2/7    10:46   0:00   0:00 
Jonathan Sigalet         0  0  0   0  0   1  0  0  1  0  0/0    14:05   1:32   3:58 
Matthew Spiller          0  0  0   0  0   0  0  3  0  0  0/0    12:33   0:00   3:58 
Michal Rozsival          0  0  0  -1  0   1  0  1  0  1  0/0    24:44   4:33   6:21 
Sergei Samsonov          0  0  0  -1  2   0  0  0  0  0  0/1    10:19   0:00   0:11 
Shawn Horcoff            0  0  0   0  0   1  0  0  0  1  4/5     9:36   0:00   4:14 
Tim Connolly             0  0  0   0  0   3  1  0  0  0  5/12   16:25   4:37   0:38 
Tomas Kopecky            0  0  0   0  0   0  1  1  0  1  0/0    14:47   4:37   0:00 

Players Stats for Sabres

Player Name              G  A  P  +/- PIM S  H  SB GA TA FO     MP     PP MP  PK MP  
------------------------------------------------------------------------------------
Andrei Loktionov         1  0  1  -1  2   4  1  0  0  0  17/26  18:04   5:43   0:00 
Brad Richardson          0  0  0   0  0   1  0  0  0  0  0/0     6:43   0:11   0:00 
Brandon Sutter           0  0  0   0  0   2  0  0  1  0  10/17  14:40   0:11   6:51 
Darcy Hordichuk          0  0  0   0  0   1  2  0  0  0  0/0    12:18   0:00   5:47 
Evander Kane             1  1  2   1  0   3  1  0  0  0  1/2    17:41   5:43   1:46 
Ilya Kovalchuk           0  0  0  -1  4   4  2  0  1  1  2/2    19:56   4:37   2:21 
Jakub Kindl              0  0  0   0  0   1  0  0  0  0  0/0     8:11   0:00   0:00 
Jared Cowen              0  0  0   0  0   2  1  0  1  2  0/0    25:12   4:17   7:23 
Jordan Leopold           0  0  0   0  0   1  1  1  0  1  0/0     8:11   0:00   0:00 
Kyle Okposo              0  0  0  -1  0   2  0  0  0  1  1/3    17:42   5:43   0:00 
Matt Martin              0  1  1   1  2   0  0  0  1  0  1/1    11:13   0:00   2:52 
Michael Kostka           0  0  0   0  0   0  2  1  1  0  0/0    25:12   4:17   7:23 
Rob Scuderi              0  2  2   1  0   0  3  2  0  0  0/0    26:37   6:03   4:31 
Ryan O'Reilly            0  0  0   1  2   3  1  0  0  0  2/6    10:39   0:00   0:30 
Scottie Upshall          0  0  0   1  2   4  0  0  0  0  1/1    10:14   0:00   0:00 
Vincent Lecavalier       0  1  1   1  0   1  0  0  1  1  6/7    16:18   4:26   3:41 
Zach Bogosian            0  0  0   1  0   5  3  0  0  1  0/0    26:37   6:03   4:31 
Zack Kassian             1  0  1   1  0   2  1  0  1  0  1/1    12:32   4:26   0:00 

3 Stars

1 - Evander Kane (Buf)
2 - Rob Scuderi (Buf)
3 - Jonas Hiller (Buf)

Power Play

Panthers - 0 on 6 Attempt(s) - 0.00%
Sabres - 1 on 7 Attempt(s) - 14.29%

Penalty Kill

Panthers - 6 on 7 Attempt(s) - 85.71% - Score 0 goal in Penalty Kill
Sabres - 6 on 6 Attempt(s) - 100.00% - Score 0 goal in Penalty Kill

Team Stat

Panthers - Hits : 12 - Faceoff Wins : 24 - Blocked Shots : 14 - Penalty Minutes : 14
Sabres - Hits : 18 - Faceoff Wins : 42 - Blocked Shots : 4 - Penalty Minutes : 12

Official

Referees : Pochmara Brian and Sutherland Kelly
Linesman : Scott Driscoll and Mark Wheler

Game Notes

Darcy Hordichuk is injured at 6:25 of 3rd period (Left Hip)

Finance

Level 1 -- Attendance: 5560 (92.67%) -- Ticket Income $500,400
Level 2 -- Attendance: 4401 (88.02%) -- Ticket Income $233,253
Level 3 -- Attendance: 1935 (96.75%) -- Ticket Income $65,790
Level 4 -- Attendance: 3611 (90.28%) -- Ticket Income $97,497
Luxury Box -- Attendance: 1000 (100.00%) -- Ticket Income $161,000
Game was played at the Duff Garden.
Total Attendance: 16507 (91.71%)
Total Ticket Income: $1,057,940
Other Income: $158,691
Total Income: $1,216,631

Panthers

5 vs 5 Forward 
   Center                   Left Wing                Right Wing               Time % Phy DF OF 
 1 Brayden Schenn           Guillaume Latendresse    Drew Stafford            40     0   2  3  
 2 Tim Connolly             Daniel Sedin             Tomas Kopecky            30     0   2  3  
 3 Shawn Horcoff            Daniel Sedin             Alexander Perezhogin     20     0   2  3  
 4 Jonathan Matsumoto       Sergei Samsonov          George Parros            10     0   2  3  

5 vs 5 Defense 
   Defense                  Defense                                           Time % Phy DF OF 
 1 Brendan Smith            Erik Gudbranson                                   40     0   2  3  
 2 Ian White                Michal Rozsival                                   30     0   2  3  
 3 Jonathan Sigalet         Matthew Spiller                                   20     1   2  2  
 4 Brendan Smith            Erik Gudbranson                                   10     1   2  2  

PowerPlay Forward 
   Center                   Left Wing                Right Wing               Time % Phy DF OF 
 1 Brayden Schenn           Guillaume Latendresse    Drew Stafford            60     0   1  4  
 2 Tim Connolly             Daniel Sedin             Tomas Kopecky            40     0   1  4  

PowerPlay Defense
   Defense                  Defense                                           Time % Phy DF OF 
 1 Brendan Smith            Erik Gudbranson                                   60     0   2  3  
 2 Ian White                Michal Rozsival                                   40     0   2  3  

Penalty Kill 4 Players Forward 
   Center                   Wing                     Time % Phy DF OF 
 1 Brayden Schenn           Guillaume Latendresse    60     1   3  1  
 2 Shawn Horcoff            Drew Stafford            40     1   3  1  

Penalty Kill 4 Players Defense
   Defense                  Defense                  Time % Phy DF OF 
 1 Brendan Smith            Michal Rozsival          60     1   4  0  
 2 Matthew Spiller          Jonathan Sigalet         40     1   4  0  

Penalty Kill - 3 Players Forward 
   Forward                                           Time % Phy DF OF 
 1 Guillaume Latendresse                             60     0   4  1  
 2 Brayden Schenn                                    40     0   4  1  

Penalty Kill - 3 Players Defense
   Defense                  Defense                  Time % Phy DF OF 
 1 Brendan Smith            Michal Rozsival          60     1   4  0  
 2 Matthew Spiller          Jonathan Sigalet         40     1   4  0  

4 vs 4 Forward 
   Center                   Wing                     Time % Phy DF OF 
 1 Brayden Schenn           Guillaume Latendresse    60     0   2  3  
 2 Tim Connolly             Daniel Sedin             40     0   2  3  

4 vs 4 Defense
   Defense                  Defense                  Time % Phy DF OF 
 1 Brendan Smith            Erik Gudbranson          60     1   2  2  
 2 Ian White                Michal Rozsival          40     1   2  2  

Last Minutes Offensive
   Center                   Left Wing                Right Wing               Defense                  Defense                  
   Brayden Schenn           Guillaume Latendresse    Drew Stafford            Ian White                Brendan Smith            

Last Minutes Defensive
   Center                   Left Wing                Right Wing               Defense                  Defense                  
   Shawn Horcoff            Guillaume Latendresse    Drew Stafford            Brendan Smith            Matthew Spiller          

Goaltenders
Starting : Antti Niemi              
Backup : Petr Mrazek              

Extra Forwards
Normal : Tim Connolly, Guillaume Latendresse, Brayden Schenn - PP : Tim Connolly, Guillaume Latendresse - PK : Shawn Horcoff
Extra Defensemen
Normal : Ian White, Erik Gudbranson, Brendan Smith - PP : Jonathan Sigalet - PK : Matthew Spiller, Erik Gudbranson
Penalty Shots
Guillaume Latendresse, Sergei Samsonov, Jeff Tambellini, Daniel Sedin, Jonathan Matsumoto

Scratches
Pavel Kubina (Healthy), Tuomo Ruutu (Healthy)

Sabres

5 vs 5 Forward 
   Center                   Left Wing                Right Wing               Time % Phy DF OF 
 1 Andrei Loktionov         Ilya Kovalchuk           Kyle Okposo              40     0   2  3  
 2 Ryan O'Reilly            Evander Kane             Scottie Upshall          30     0   2  3  
 3 Vincent Lecavalier       Matt Martin              Zack Kassian             22     1   2  2  
 4 Brandon Sutter           Darcy Hordichuk          Brad Richardson          8      0   3  2  

5 vs 5 Defense 
   Defense                  Defense                                           Time % Phy DF OF 
 1 Zach Bogosian            Rob Scuderi                                       44     0   2  3  
 2 Michael Kostka           Jared Cowen                                       36     1   3  1  
 3 Jakub Kindl              Jordan Leopold                                    20     0   4  1  
 4 Michael Kostka           Jared Cowen                                       0      0   3  2  

PowerPlay Forward 
   Center                   Left Wing                Right Wing               Time % Phy DF OF 
 1 Andrei Loktionov         Evander Kane             Kyle Okposo              58     1   0  4  
 2 Vincent Lecavalier       Ilya Kovalchuk           Zack Kassian             42     1   0  4  

PowerPlay Defense
   Defense                  Defense                                           Time % Phy DF OF 
 1 Zach Bogosian            Rob Scuderi                                       58     0   2  3  
 2 Michael Kostka           Jared Cowen                                       42     1   1  3  

Penalty Kill 4 Players Forward 
   Center                   Wing                     Time % Phy DF OF 
 1 Brandon Sutter           Darcy Hordichuk          60     0   5  0  
 2 Vincent Lecavalier       Ilya Kovalchuk           40     0   4  1  

Penalty Kill 4 Players Defense
   Defense                  Defense                  Time % Phy DF OF 
 1 Michael Kostka           Jared Cowen              60     0   5  0  
 2 Zach Bogosian            Rob Scuderi              40     0   4  1  

Penalty Kill - 3 Players Forward 
   Forward                                           Time % Phy DF OF 
 1 Brandon Sutter                                    60     0   5  0  
 2 Darcy Hordichuk                                   40     0   5  0  

Penalty Kill - 3 Players Defense
   Defense                  Defense                  Time % Phy DF OF 
 1 Michael Kostka           Jared Cowen              60     0   5  0  
 2 Zach Bogosian            Rob Scuderi              40     0   5  0  

4 vs 4 Forward 
   Center                   Wing                     Time % Phy DF OF 
 1 Ryan O'Reilly            Ilya Kovalchuk           60     1   2  2  
 2 Vincent Lecavalier       Zack Kassian             40     1   2  2  

4 vs 4 Defense
   Defense                  Defense                  Time % Phy DF OF 
 1 Zach Bogosian            Rob Scuderi              60     1   2  2  
 2 Michael Kostka           Jared Cowen              40     1   2  2  

Last Minutes Offensive
   Center                   Left Wing                Right Wing               Defense                  Defense                  
   Vincent Lecavalier       Ilya Kovalchuk           Kyle Okposo              Zach Bogosian            Michael Kostka           

Last Minutes Defensive
   Center                   Left Wing                Right Wing               Defense                  Defense                  
   Brandon Sutter           Ilya Kovalchuk           Zack Kassian             Zach Bogosian            Jared Cowen              

Goaltenders
Starting : Jonas Hiller             
Backup : Robin Lehner             

Extra Forwards
Normal : Ilya Kovalchuk, Kyle Okposo, Vincent Lecavalier - PP : Kyle Okposo, Vincent Lecavalier - PK : Matt Martin
Extra Defensemen
Normal : Jakub Kindl, Jordan Leopold, Michael Kostka - PP : Jakub Kindl - PK : Jordan Leopold, Michael Kostka
Penalty Shots
Ilya Kovalchuk, Vincent Lecavalier, Evander Kane, Darcy Hordichuk, Kyle Okposo

Scratches
Michael Haley (Healthy)

% Time on Ice - Panthers

Lines # - Real PCT - Wanted PCT - Time Play
Normal Forward
1 - 33% - 40% - 12:35
2 - 27% - 30% - 10:21
3 - 12% - 20% - 4:41
4 - 27% - 10% - 10:09
Normal Defense
1 - 45% - 40% - 17:05
2 - 34% - 30% - 13:00
3 - 20% - 20% - 7:38
4 - 0% - 10% - 0:03
PP Forward
1 - 61% - 60% - 7:17
2 - 39% - 40% - 4:37
PP Defense
1 - 62% - 60% - 7:21
2 - 38% - 40% - 4:33
PK Forward
1 - 78% - 60% - 6:46
2 - 22% - 40% - 1:52
PK Defense
1 - 62% - 60% - 5:20
2 - 38% - 40% - 3:18
PK3 Forward
1 - 67% - 60% - 1:08
2 - 33% - 40% - 0:34
PK3 Defense
1 - 61% - 60% - 1:02
2 - 39% - 40% - 0:40
44 Forward
1 - 0% - 60%
2 - 0% - 40%
44 Defense
1 - 0% - 60%
2 - 0% - 40%
Last Minute Offensive  - 0:00
Last Minute Defensive  - 0:00
Total
Forward - 60:00
Defense - 60:00

% Time on Ice - Sabres

Lines # - Real PCT - Wanted PCT - Time Play
Normal Forward
1 - 34% - 40% - 13:00
2 - 27% - 30% - 10:17
3 - 21% - 22% - 7:57
4 - 17% - 8% - 6:32
Normal Defense
1 - 44% - 44% - 16:36
2 - 34% - 36% - 12:59
3 - 22% - 20% - 8:11
4 - 0% - 0% - 0:00
PP Forward
1 - 55% - 58% - 5:43
2 - 45% - 42% - 4:37
PP Defense
1 - 59% - 58% - 6:03
2 - 41% - 42% - 4:17
PK Forward
1 - 69% - 60% - 8:13
2 - 31% - 40% - 3:41
PK Defense
1 - 62% - 60% - 7:23
2 - 38% - 40% - 4:31
PK3 Forward
1 - 0% - 60%
2 - 0% - 40%
PK3 Defense
1 - 0% - 60%
2 - 0% - 40%
44 Forward
1 - 0% - 60%
2 - 0% - 40%
44 Defense
1 - 0% - 60%
2 - 0% - 40%
Last Minute Offensive  - 0:00
Last Minute Defensive  - 0:00
Total
Forward - 60:00
Defense - 60:00

Play by Play

1st period


0:01 of 1st period - Ilya Kovalchuk wins face-off versus Brayden Schenn in neutral zone.
0:06 of 1st period - Brayden Schenn is hit by Ilya Kovalchuk and loses puck.
1:07 of 1st period - Off-side.
1:08 of 1st period - Brandon Sutter wins face-off versus Shawn Horcoff in neutral zone.
1:38 of 1st period - Slapshot by Kyle Okposo.
1:38 of 1st period - Deflect By Ilya Kovalchuk.
1:38 of 1st period - Stopped by Antti Niemi with a rebound.
2:18 of 1st period - Slapshot by Zack Kassian.
2:18 of 1st period - Shot Blocked by Erik Gudbranson.
2:29 of 1st period - Off-side.
2:30 of 1st period - Brayden Schenn wins face-off versus Brandon Sutter in neutral zone.
3:15 of 1st period - Minor Penalty to Ilya Kovalchuk for Holding.
3:16 of 1st period - Brayden Schenn wins face-off versus Brandon Sutter in Sabres zone.
3:41 of 1st period - Brendan Smith is hit by Zach Bogosian and loses puck.
3:50 of 1st period - Slapshot by Michael Kostka.
3:50 of 1st period - Shot Blocked by Brendan Smith.
3:52 of 1st period - Slapshot by Jared Cowen.
3:52 of 1st period - Stopped by Antti Niemi with a rebound.
3:54 of 1st period - Slapshot by Michael Kostka.
3:54 of 1st period - Deflect By Matt Martin.
3:54 of 1st period - Shot Misses the Net.
3:54 of 1st period - Puck is out of play.
3:55 of 1st period - Tim Connolly wins face-off versus Brandon Sutter in Panthers zone.
3:55 of 1st period - Tim Connolly is hit by Darcy Hordichuk.
4:03 of 1st period - Brandon Sutter is hit by Tomas Kopecky and loses puck.
4:40 of 1st period - Vincent Lecavalier is hit by Erik Gudbranson and loses puck.
5:15 of 1st period - Penalty to Ilya Kovalchuk is over, Ilya Kovalchuk is back on ice.
5:23 of 1st period - Wrist shot by Drew Stafford.
5:23 of 1st period - Stopped by Jonas Hiller with a rebound.
5:25 of 1st period - Wrist shot by George Parros.
5:25 of 1st period - Stopped by Jonas Hiller without a rebound.
5:26 of 1st period - Jonathan Matsumoto wins face-off versus Ryan O'Reilly in Sabres zone.
5:29 of 1st period - Slapshot by George Parros.
5:29 of 1st period - Stopped by Jonas Hiller with a rebound.
5:31 of 1st period - Slapshot by Matthew Spiller.
5:31 of 1st period - Shot Misses the Net.
5:33 of 1st period - Slapshot by Matthew Spiller.
5:33 of 1st period - Shot Misses the Net.
5:39 of 1st period - Snap shot by George Parros.
5:39 of 1st period - Shot Misses the Net.
5:51 of 1st period - Matthew Spiller is hit by Zach Bogosian and loses puck.
5:56 of 1st period - Snap shot by Andrei Loktionov.
5:56 of 1st period - Shot Blocked by Matthew Spiller.
5:58 of 1st period - Wrist shot by Ilya Kovalchuk.
5:58 of 1st period - Stopped by Antti Niemi without a rebound.
5:59 of 1st period - Brayden Schenn wins face-off versus Andrei Loktionov in Panthers zone.
6:54 of 1st period - Snap shot by George Parros.
6:54 of 1st period - Stopped by Jonas Hiller with a rebound.
8:22 of 1st period - Minor Penalty to Matt Martin for Hooking.
8:23 of 1st period - Brayden Schenn wins face-off versus Brandon Sutter in Sabres zone.
8:26 of 1st period - Wrist shot by Brayden Schenn.
8:26 of 1st period - Stopped by Jonas Hiller without a rebound.
8:27 of 1st period - Brandon Sutter wins face-off versus Brayden Schenn in Sabres zone.
8:42 of 1st period - Slapshot by Brayden Schenn.
8:42 of 1st period - Shot Misses the Net.
9:40 of 1st period - Icing by Drew Stafford.
9:41 of 1st period - Brayden Schenn wins face-off versus Brandon Sutter in Panthers zone.
10:22 of 1st period - Penalty to Matt Martin is over, Matt Martin is back on ice.
11:06 of 1st period - Slapshot by Andrei Loktionov.
11:06 of 1st period - Shot Blocked by Matthew Spiller.
11:16 of 1st period - Minor Penalty to Ilya Kovalchuk for Tripping.
11:17 of 1st period - Brandon Sutter wins face-off versus Brayden Schenn in Sabres zone.
12:08 of 1st period - Vincent Lecavalier is hit by Brendan Smith and loses puck.
13:16 of 1st period - Penalty to Ilya Kovalchuk is over, Ilya Kovalchuk is back on ice.
13:27 of 1st period - Slapshot by Michael Kostka.
13:27 of 1st period - Shot Misses the Net.
13:54 of 1st period - Matthew Spiller is hit by Jordan Leopold and loses puck.
14:12 of 1st period - Icing by Jared Cowen.
14:13 of 1st period - Shawn Horcoff wins face-off versus Ryan O'Reilly in Sabres zone.
14:16 of 1st period - Snap shot by Guillaume Latendresse.
14:16 of 1st period - Shot Misses the Net.
14:18 of 1st period - Snap shot by Ian White.
14:18 of 1st period - Stopped by Jonas Hiller without a rebound.
14:19 of 1st period - Shawn Horcoff wins face-off versus Ryan O'Reilly in Sabres zone.
14:42 of 1st period - Snap shot by Tim Connolly.
14:42 of 1st period - Stopped by Jonas Hiller with a rebound.
15:20 of 1st period - Snap shot by Alexander Perezhogin.
15:20 of 1st period - Stopped by Jonas Hiller with a rebound.
15:22 of 1st period - Snap shot by Daniel Sedin.
15:22 of 1st period - Stopped by Jonas Hiller with a rebound.
15:24 of 1st period - Slapshot by Brendan Smith.
15:24 of 1st period - Shot Misses the Net.
15:26 of 1st period - Wrist shot by Alexander Perezhogin.
15:26 of 1st period - Stopped by Jonas Hiller with a rebound.
15:41 of 1st period - Minor Penalty to Jonathan Matsumoto for Boarding.
15:42 of 1st period - Andrei Loktionov wins face-off versus Brayden Schenn in Panthers zone.
15:49 of 1st period - Slapshot by Zach Bogosian.
15:49 of 1st period - Shot Blocked by Michal Rozsival.
15:51 of 1st period - Snap shot by Kyle Okposo.
15:51 of 1st period - Shot Misses the Net.
15:53 of 1st period - Wrist shot by Kyle Okposo.
15:53 of 1st period - Shot Blocked by Guillaume Latendresse.
15:55 of 1st period - Snap shot by Kyle Okposo.
15:55 of 1st period - Deflect By Evander Kane.
15:55 of 1st period - Shot Blocked by Brendan Smith.
15:55 of 1st period - Puck is out of play.
15:56 of 1st period - Brayden Schenn wins face-off versus Andrei Loktionov in Panthers zone.
17:41 of 1st period - Penalty to Jonathan Matsumoto is over, Jonathan Matsumoto is back on ice.
17:59 of 1st period - Snap shot by Brad Richardson.
17:59 of 1st period - Stopped by Antti Niemi with a rebound.
18:17 of 1st period - Wrist shot by Daniel Sedin.
18:17 of 1st period - Stopped by Jonas Hiller with a rebound.
18:19 of 1st period - Minor Penalty to Ryan O'Reilly for Hooking.
18:20 of 1st period - Brandon Sutter wins face-off versus Brayden Schenn in Sabres zone.
18:37 of 1st period - Brandon Sutter is hit by Brayden Schenn and loses puck.
Goals for this period are 0 for Panthers vs 0 for Sabres.
Shots for this period are 11 for Panthers vs 4 for Sabres.

2nd period


0:01 of 2nd period - Brandon Sutter wins face-off versus Brayden Schenn in neutral zone.
0:19 of 2nd period - Penalty to Ryan O'Reilly is over, Ryan O'Reilly is back on ice.
0:33 of 2nd period - Slapshot by Michael Kostka.
0:33 of 2nd period - Shot Blocked by Tomas Kopecky.
0:35 of 2nd period - Slapshot by Jared Cowen.
0:35 of 2nd period - Stopped by Antti Niemi without a rebound.
0:36 of 2nd period - Scottie Upshall wins face-off versus Brayden Schenn in Panthers zone.
0:37 of 2nd period - Wrist shot by Evander Kane.
0:37 of 2nd period - Stopped by Antti Niemi with a rebound.
0:52 of 2nd period - Snap shot by Evander Kane.
0:52 of 2nd period - Goal by Evander Kane - Panthers : 0 - Sabres : 1.
0:53 of 2nd period - Andrei Loktionov wins face-off versus Brayden Schenn in neutral zone.
1:18 of 2nd period - Erik Gudbranson is hit by Zach Bogosian and loses puck.
1:32 of 2nd period - Slapshot by Scottie Upshall.
1:32 of 2nd period - Stopped by Antti Niemi with a rebound.
2:29 of 2nd period - Snap shot by Ilya Kovalchuk.
2:29 of 2nd period - Shot Misses the Net.
3:27 of 2nd period - Icing by Darcy Hordichuk.
3:28 of 2nd period - Brandon Sutter wins face-off versus Brayden Schenn in Sabres zone.
3:39 of 2nd period - Slapshot by Brayden Schenn.
3:39 of 2nd period - Stopped by Jonas Hiller with a rebound.
4:03 of 2nd period - Wrist shot by Brad Richardson.
4:03 of 2nd period - Shot Misses the Net.
4:05 of 2nd period - Wrist shot by Brandon Sutter.
4:05 of 2nd period - Shot Misses the Net.
4:07 of 2nd period - Slapshot by Brandon Sutter.
4:07 of 2nd period - Shot Misses the Net.
4:09 of 2nd period - Snap shot by Brandon Sutter.
4:09 of 2nd period - Stopped by Antti Niemi with a rebound.
4:11 of 2nd period - Slapshot by Jakub Kindl.
4:11 of 2nd period - Shot Blocked by Erik Gudbranson.
4:13 of 2nd period - Slapshot by Jordan Leopold.
4:13 of 2nd period - Deflect By Drew Stafford.
4:13 of 2nd period - Stopped by Antti Niemi with a rebound.
4:15 of 2nd period - Slapshot by Jakub Kindl.
4:15 of 2nd period - Stopped by Antti Niemi with a rebound.
4:17 of 2nd period - Wrist shot by Darcy Hordichuk.
4:17 of 2nd period - Stopped by Antti Niemi with a rebound.
4:19 of 2nd period - Wrist shot by Brandon Sutter.
4:19 of 2nd period - Stopped by Antti Niemi without a rebound.
4:20 of 2nd period - Andrei Loktionov wins face-off versus Tim Connolly in Panthers zone.
4:23 of 2nd period - Slapshot by Ilya Kovalchuk.
4:23 of 2nd period - Deflect By Ian White.
4:23 of 2nd period - Shot Misses the Net.
4:23 of 2nd period - Puck is out of play.
4:24 of 2nd period - Andrei Loktionov wins face-off versus Tim Connolly in Panthers zone.
4:57 of 2nd period - Snap shot by Tim Connolly.
4:57 of 2nd period - Shot Misses the Net.
4:59 of 2nd period - Backhand shot by Tim Connolly.
4:59 of 2nd period - Stopped by Jonas Hiller with a rebound.
5:01 of 2nd period - Slapshot by Ian White.
5:01 of 2nd period - Shot Misses the Net.
5:47 of 2nd period - Wrist shot by Daniel Sedin.
5:47 of 2nd period - Shot Misses the Net.
5:49 of 2nd period - Slapshot by Michal Rozsival.
5:49 of 2nd period - Stopped by Jonas Hiller without a rebound.
5:50 of 2nd period - Vincent Lecavalier wins face-off versus Brayden Schenn in Sabres zone.
5:59 of 2nd period - Snap shot by Zack Kassian.
5:59 of 2nd period - Stopped by Antti Niemi with a rebound.
6:38 of 2nd period - Brendan Smith is hit by Jared Cowen and loses puck.
6:59 of 2nd period - Slapshot by Scottie Upshall.
6:59 of 2nd period - Stopped by Antti Niemi without a rebound.
7:00 of 2nd period - Ryan O'Reilly wins face-off versus Sergei Samsonov in Panthers zone.
7:01 of 2nd period - Snap shot by Scottie Upshall.
7:01 of 2nd period - Stopped by Antti Niemi with a rebound.
7:05 of 2nd period - Wrist shot by Zach Bogosian.
7:05 of 2nd period - Shot Misses the Net.
7:07 of 2nd period - Wrist shot by Evander Kane.
7:07 of 2nd period - Shot Blocked by George Parros.
7:09 of 2nd period - Wrist shot by Evander Kane.
7:09 of 2nd period - Shot Blocked by Jonathan Matsumoto.
7:11 of 2nd period - Snap shot by Ryan O'Reilly.
7:11 of 2nd period - Stopped by Antti Niemi with a rebound.
7:13 of 2nd period - Wrist shot by Evander Kane.
7:13 of 2nd period - Shot Misses the Net.
7:15 of 2nd period - Slapshot by Zach Bogosian.
7:15 of 2nd period - Shot Blocked by Matthew Spiller.
7:17 of 2nd period - Wrist shot by Evander Kane.
7:17 of 2nd period - Shot Misses the Net.
7:19 of 2nd period - Snap shot by Evander Kane.
7:19 of 2nd period - Shot Misses the Net.
7:21 of 2nd period - Wrist shot by Ryan O'Reilly.
7:21 of 2nd period - Stopped by Antti Niemi without a rebound.
7:22 of 2nd period - Andrei Loktionov wins face-off versus Brayden Schenn in Panthers zone.
8:02 of 2nd period - Wrist shot by Scottie Upshall.
8:02 of 2nd period - Stopped by Antti Niemi without a rebound.
8:03 of 2nd period - Vincent Lecavalier wins face-off versus Jonathan Matsumoto in Panthers zone.
8:28 of 2nd period - Rob Scuderi is hit by Daniel Sedin and loses puck.
8:49 of 2nd period - Minor Penalty to Daniel Sedin for Interference.
8:50 of 2nd period - Andrei Loktionov wins face-off versus Brayden Schenn in Panthers zone.
9:17 of 2nd period - Brayden Schenn is hit by Zack Kassian and loses puck.
9:58 of 2nd period - Slapshot by Drew Stafford.
9:58 of 2nd period - Shot Misses the Net.
10:49 of 2nd period - Penalty to Daniel Sedin is over, Daniel Sedin is back on ice.
11:02 of 2nd period - Wrist shot by Darcy Hordichuk.
11:02 of 2nd period - Shot Blocked by Daniel Sedin.
11:36 of 2nd period - Jonathan Matsumoto is hit by Ryan O'Reilly and loses puck.
13:21 of 2nd period - Minor Penalty to Scottie Upshall for Hooking.
13:22 of 2nd period - Brandon Sutter wins face-off versus Brayden Schenn in Sabres zone.
14:04 of 2nd period - Jonathan Sigalet is hit by Ilya Kovalchuk and loses puck.
14:53 of 2nd period - Slapshot by Erik Gudbranson.
14:53 of 2nd period - Stopped by Jonas Hiller without a rebound.
14:54 of 2nd period - Matt Martin wins face-off versus Tim Connolly in Sabres zone.
15:21 of 2nd period - Penalty to Scottie Upshall is over, Scottie Upshall is back on ice.
15:31 of 2nd period - Ian White is hit by Rob Scuderi and loses puck.
15:36 of 2nd period - Wrist shot by Ilya Kovalchuk.
15:36 of 2nd period - Shot Misses the Net.
15:41 of 2nd period - Minor Penalty to George Parros for Interference.
15:42 of 2nd period - Shawn Horcoff wins face-off versus Andrei Loktionov in Panthers zone.
15:52 of 2nd period - Slapshot by Zach Bogosian.
15:52 of 2nd period - Stopped by Antti Niemi without a rebound.
15:53 of 2nd period - Shawn Horcoff wins face-off versus Kyle Okposo in Panthers zone.
16:28 of 2nd period - Off-side.
16:29 of 2nd period - Andrei Loktionov wins face-off versus Brayden Schenn in neutral zone.
16:46 of 2nd period - Wrist shot by Vincent Lecavalier.
16:46 of 2nd period - Shot Misses the Net.
16:48 of 2nd period - Snap shot by Ilya Kovalchuk.
16:48 of 2nd period - Stopped by Antti Niemi without a rebound.
16:49 of 2nd period - Zack Kassian wins face-off versus Brayden Schenn in Panthers zone.
17:41 of 2nd period - Penalty to George Parros is over, George Parros is back on ice.
17:46 of 2nd period - Brayden Schenn is hit by Andrei Loktionov and loses puck.
17:52 of 2nd period - Icing by George Parros.
17:53 of 2nd period - Brandon Sutter wins face-off versus Brayden Schenn in Panthers zone.
18:06 of 2nd period - Guillaume Latendresse is hit by Darcy Hordichuk and loses puck.
18:23 of 2nd period - Wrist shot by Tim Connolly.
18:23 of 2nd period - Shot Misses the Net.
18:52 of 2nd period - Snap shot by Ryan O'Reilly.
18:52 of 2nd period - Stopped by Antti Niemi with a rebound.
18:58 of 2nd period - Snap shot by Scottie Upshall.
18:58 of 2nd period - Shot Misses the Net.
Goals for this period are 0 for Panthers vs 1 for Sabres.
Shots for this period are 4 for Panthers vs 18 for Sabres.

3rd period


0:01 of 3rd period - Brayden Schenn wins face-off versus Andrei Loktionov in neutral zone.
0:06 of 3rd period - Snap shot by Guillaume Latendresse.
0:06 of 3rd period - Shot Misses the Net.
0:08 of 3rd period - Snap shot by Guillaume Latendresse.
0:08 of 3rd period - Shot Misses the Net.
0:10 of 3rd period - Wrist shot by Drew Stafford.
0:10 of 3rd period - Goal by Drew Stafford - Panthers : 1 - Sabres : 1.
0:11 of 3rd period - Andrei Loktionov wins face-off versus Brayden Schenn in neutral zone.
0:14 of 3rd period - Slapshot by Zach Bogosian.
0:14 of 3rd period - Shot Misses the Net.
0:36 of 3rd period - Daniel Sedin is hit by Rob Scuderi and loses puck.
1:15 of 3rd period - Minor Penalty to Jonathan Matsumoto for Holding.
1:16 of 3rd period - Kyle Okposo wins face-off versus Brayden Schenn in Panthers zone.
1:19 of 3rd period - Wrist shot by Evander Kane.
1:19 of 3rd period - Shot Misses the Net.
1:21 of 3rd period - Wrist shot by Evander Kane.
1:21 of 3rd period - Stopped by Antti Niemi with a rebound.
1:23 of 3rd period - Slapshot by Rob Scuderi.
1:23 of 3rd period - Deflect By Andrei Loktionov.
1:23 of 3rd period - Goal by Andrei Loktionov - Panthers : 1 - Sabres : 2.
1:24 of 3rd period - Brayden Schenn wins face-off versus Andrei Loktionov in neutral zone.
1:27 of 3rd period - Slapshot by Guillaume Latendresse.
1:27 of 3rd period - Stopped by Jonas Hiller without a rebound.
1:28 of 3rd period - Brayden Schenn wins face-off versus Andrei Loktionov in Sabres zone.
1:29 of 3rd period - Snap shot by Guillaume Latendresse.
1:29 of 3rd period - Stopped by Jonas Hiller without a rebound.
1:30 of 3rd period - Andrei Loktionov wins face-off versus Brayden Schenn in Sabres zone.
1:41 of 3rd period - Wrist shot by Brayden Schenn.
1:41 of 3rd period - Shot Blocked by Rob Scuderi.
1:43 of 3rd period - Wrist shot by Brayden Schenn.
1:43 of 3rd period - Shot Misses the Net.
1:45 of 3rd period - Wrist shot by Drew Stafford.
1:45 of 3rd period - Deflect By Guillaume Latendresse.
1:45 of 3rd period - Stopped by Jonas Hiller with a rebound.
2:25 of 3rd period - Slapshot by Zach Bogosian.
2:25 of 3rd period - Stopped by Antti Niemi with a rebound.
2:55 of 3rd period - Minor Penalty to Daniel Sedin for Tripping.
2:56 of 3rd period - Andrei Loktionov wins face-off versus Brayden Schenn in Panthers zone.
3:30 of 3rd period - Drew Stafford is hit by Michael Kostka and loses puck.
4:55 of 3rd period - Penalty to Daniel Sedin is over, Daniel Sedin is back on ice.
4:59 of 3rd period - Slapshot by Brendan Smith.
4:59 of 3rd period - Shot Misses the Net.
5:01 of 3rd period - Wrist shot by Daniel Sedin.
5:01 of 3rd period - Stopped by Jonas Hiller with a rebound.
5:03 of 3rd period - Snap shot by Tim Connolly.
5:03 of 3rd period - Shot Misses the Net.
5:05 of 3rd period - Slapshot by Brendan Smith.
5:05 of 3rd period - Stopped by Jonas Hiller without a rebound.
5:06 of 3rd period - Tim Connolly wins face-off versus Brandon Sutter in Sabres zone.
5:07 of 3rd period - Wrist shot by Daniel Sedin.
5:07 of 3rd period - Deflect By Tim Connolly.
5:07 of 3rd period - Shot Misses the Net.
5:07 of 3rd period - Puck is out of play.
5:08 of 3rd period - Tim Connolly wins face-off versus Ryan O'Reilly in Sabres zone.
5:35 of 3rd period - Snap shot by Sergei Samsonov.
5:35 of 3rd period - Deflect By Jonathan Matsumoto.
5:35 of 3rd period - Shot Blocked by Jordan Leopold.
5:35 of 3rd period - Puck is out of play.
5:36 of 3rd period - Andrei Loktionov wins face-off versus Jonathan Matsumoto in Sabres zone.
5:41 of 3rd period - Jonathan Matsumoto is hit by Michael Kostka and loses puck.
5:45 of 3rd period - Icing by Brendan Smith.
5:46 of 3rd period - Jonathan Matsumoto wins face-off versus Andrei Loktionov in Panthers zone.
5:56 of 3rd period - Minor Penalty to Andrei Loktionov for Unsportsmanlike conduct.
5:57 of 3rd period - Brandon Sutter wins face-off versus Brayden Schenn in Sabres zone.
6:24 of 3rd period - Darcy Hordichuk is hit by Daniel Sedin and loses puck.
6:25 of 3rd period - Darcy Hordichuk from Sabres is injured at 6:25 of 3rd period (Left Hip).
6:26 of 3rd period - Brayden Schenn wins face-off versus Brandon Sutter in Sabres zone.
6:41 of 3rd period - Slapshot by Guillaume Latendresse.
6:41 of 3rd period - Shot Blocked by Michael Kostka.
6:51 of 3rd period - Daniel Sedin is hit by Evander Kane and loses puck.
7:56 of 3rd period - Penalty to Andrei Loktionov is over, Andrei Loktionov is back on ice.
8:13 of 3rd period - Snap shot by Sergei Samsonov.
8:13 of 3rd period - Shot Misses the Net.
8:23 of 3rd period - Snap shot by Daniel Sedin.
8:23 of 3rd period - Shot Misses the Net.
8:25 of 3rd period - Wrist shot by Alexander Perezhogin.
8:25 of 3rd period - Stopped by Jonas Hiller with a rebound.
8:27 of 3rd period - Snap shot by Shawn Horcoff.
8:27 of 3rd period - Stopped by Jonas Hiller with a rebound.
9:36 of 3rd period - Erik Gudbranson is hit by Rob Scuderi.
10:42 of 3rd period - Off-side.
10:43 of 3rd period - Ryan O'Reilly wins face-off versus Brayden Schenn in neutral zone.
11:07 of 3rd period - Kyle Okposo is hit by Tim Connolly and loses puck.
11:24 of 3rd period - Snap shot by George Parros.
11:24 of 3rd period - Deflect By Jonathan Matsumoto.
11:24 of 3rd period - Shot Blocked by Rob Scuderi.
11:24 of 3rd period - Puck is out of play.
11:25 of 3rd period - Vincent Lecavalier wins face-off versus Jonathan Matsumoto in Sabres zone.
11:49 of 3rd period - Slapshot by Zack Kassian.
11:49 of 3rd period - Goal by Zack Kassian - Panthers : 1 - Sabres : 3.
11:50 of 3rd period - Brayden Schenn wins face-off versus Andrei Loktionov in neutral zone.
12:01 of 3rd period - Slapshot by Zach Bogosian.
12:01 of 3rd period - Stopped by Antti Niemi without a rebound.
12:02 of 3rd period - Ilya Kovalchuk wins face-off versus Brayden Schenn in Panthers zone.
12:15 of 3rd period - Snap shot by Ilya Kovalchuk.
12:15 of 3rd period - Stopped by Antti Niemi without a rebound.
12:16 of 3rd period - Drew Stafford wins face-off versus Andrei Loktionov in Panthers zone.
12:43 of 3rd period - Ryan O'Reilly is hit by Daniel Sedin and loses puck.
13:05 of 3rd period - Off-side.
13:06 of 3rd period - Brandon Sutter wins face-off versus Jonathan Matsumoto in neutral zone.
13:31 of 3rd period - Evander Kane is hit by Drew Stafford and loses puck.
13:43 of 3rd period - Off-side.
13:44 of 3rd period - Andrei Loktionov wins face-off versus Tim Connolly in neutral zone.
13:51 of 3rd period - Snap shot by Kyle Okposo.
13:51 of 3rd period - Stopped by Antti Niemi without a rebound.
13:52 of 3rd period - Tim Connolly wins face-off versus Kyle Okposo in Panthers zone.
13:59 of 3rd period - Wrist shot by Tim Connolly.
13:59 of 3rd period - Stopped by Jonas Hiller without a rebound.
14:00 of 3rd period - Andrei Loktionov wins face-off versus Brayden Schenn in Sabres zone.
14:09 of 3rd period - Slapshot by Zach Bogosian.
14:09 of 3rd period - Deflect By Guillaume Latendresse.
14:09 of 3rd period - Stopped by Antti Niemi without a rebound.
14:10 of 3rd period - Andrei Loktionov wins face-off versus Guillaume Latendresse in Panthers zone.
14:28 of 3rd period - Slapshot by Zach Bogosian.
14:28 of 3rd period - Shot Blocked by Drew Stafford.
14:30 of 3rd period - Backhand shot by Andrei Loktionov.
14:30 of 3rd period - Shot Hit the Post.
14:32 of 3rd period - Wrist shot by Andrei Loktionov.
14:32 of 3rd period - Shot Misses the Net.
14:34 of 3rd period - Snap shot by Andrei Loktionov.
14:34 of 3rd period - Stopped by Antti Niemi without a rebound.
14:35 of 3rd period - Evander Kane wins face-off versus Tim Connolly in Panthers zone.
16:16 of 3rd period - Wrist shot by Vincent Lecavalier.
16:16 of 3rd period - Stopped by Antti Niemi without a rebound.
16:17 of 3rd period - Vincent Lecavalier wins face-off versus Tim Connolly in Panthers zone.
16:42 of 3rd period - Andrei Loktionov is hit by Drew Stafford and loses puck.
17:11 of 3rd period - Jared Cowen is hit by Guillaume Latendresse and loses puck.
17:30 of 3rd period - Slapshot by Jared Cowen.
17:30 of 3rd period - Deflect By Zack Kassian.
17:30 of 3rd period - Shot Misses the Net.
17:30 of 3rd period - Puck is out of play.
17:31 of 3rd period - Vincent Lecavalier wins face-off versus Jonathan Matsumoto in Panthers zone.
17:32 of 3rd period - Slapshot by Zach Bogosian.
17:32 of 3rd period - Stopped by Antti Niemi with a rebound.
17:34 of 3rd period - Minor Penalty to Sergei Samsonov for Goalie Interference.
17:35 of 3rd period - Andrei Loktionov wins face-off versus Brayden Schenn in Panthers zone.
17:38 of 3rd period - Wrist shot by Evander Kane.
17:38 of 3rd period - Shot Misses the Net.
17:40 of 3rd period - Snap shot by Kyle Okposo.
17:40 of 3rd period - Stopped by Antti Niemi with a rebound.
17:42 of 3rd period - Wrist shot by Andrei Loktionov.
17:42 of 3rd period - Stopped by Antti Niemi without a rebound.
17:43 of 3rd period - Andrei Loktionov wins face-off versus Brayden Schenn in Panthers zone.
17:46 of 3rd period - Wrist shot by Andrei Loktionov.
17:46 of 3rd period - Stopped by Antti Niemi with a rebound.
17:48 of 3rd period - Slapshot by Rob Scuderi.
17:48 of 3rd period - Deflect By Evander Kane.
17:48 of 3rd period - Shot Misses the Net.
17:48 of 3rd period - Puck is out of play.
17:49 of 3rd period - Brayden Schenn wins face-off versus Evander Kane in Panthers zone.
17:51 of 3rd period - Minor Penalty to Brayden Schenn for Interference.
17:52 of 3rd period - Andrei Loktionov wins face-off versus Guillaume Latendresse in Panthers zone.
19:32 of 3rd period - Slapshot by Jonathan Sigalet.
19:32 of 3rd period - Stopped by Jonas Hiller without a rebound.
19:33 of 3rd period - Tim Connolly wins face-off versus Vincent Lecavalier in Sabres zone.
19:34 of 3rd period - Penalty to Sergei Samsonov is over, Sergei Samsonov is back on ice.
19:51 of 3rd period - Penalty to Brayden Schenn is over, Brayden Schenn is back on ice.
19:51 of 3rd period - Jared Cowen is hit by Brayden Schenn.
19:52 of 3rd period - Icing by Jared Cowen.
19:53 of 3rd period - Vincent Lecavalier wins face-off versus Tim Connolly in Sabres zone.
Goals for this period are 1 for Panthers vs 2 for Sabres.
Shots for this period are 10 for Panthers vs 14 for Sabres.